 Dungeon Crawl Stone Soup version 0.31-a0-263-ge8cad7f256 (webtiles) character file.

Game seed: 7097352714180648497

79 qw the Shooter (level 4, -8/26 HPs)
             Began as a Gargoyle Hexslinger on July 13, 2023.
             Mangled by an iguana (10 damage)
             ... on level 2 of the Dungeon.
             The game lasted 00:00:32 (1331 turns).

qw the Shooter (Gargoyle Hexslinger)                Turns: 1331, Time: 00:00:33

Health: -8/26      AC:  8    Str: 11    XL:     4   Next: 37%
Magic:  5/5        EV: 12    Int: 17    God:
Gold:   66         SH:  0    Dex: 17    Spells: 4/5 levels left

rFire   . . .        Y - +1 sling
rCold   . . .        (no shield)
rNeg    + . .        c - +0 robe
rPois   inf          a - +1 helmet of Claustrophobia {Int+3 Dex+3}
rElec   +            (no cloak)
rCorr   .            f - +0 pair of gloves
SInv    .            (no boots)
Will    .....        (no amulet)
Stlth   ++           (no ring)
HPRegen 0.24/turn    (no ring)
MPRegen 0.09/turn

%: no passive effects
@: no status effects
A: sickness immunity, AC +3, negative energy resistance 1, electricity
resistance, torment resistance 1, petrification resistance
a: no special abilities


You were on level 2 of the Dungeon.
You visited 1 branch of the dungeon, and saw 2 of its levels.

You collected 66 gold pieces.


Innate Abilities, Weirdness & Mutations

You are immune to sickness and miasma.
Your stone body is resilient. (AC +3)
You are immune to poison.
You resist negative energy. (rN+)
You are resistant to electric shocks. (rElec)
You are resistant to unholy torment.
You are immune to petrification.


   Skills:
 - Level 2.0 Fighting
 + Level 4.1 Ranged Weapons
 - Level 1.5 Dodging
 - Level 1.0 Spellcasting
 - Level 2.6 Hexes


You had 4 spell levels left.
You knew the following spells:

 Your Spells              Type           Power      Damage    Failure   Level
a - Slow                  Hex            36%        N/A       7%          1

Your spell library contained the following spells:

 Spells                   Type           Power      Damage    Failure   Level
 Inner Flame              Hex/Fire       5%         N/A       36%         3
 Portal Projectile        Hex/Tloc       10%        N/A       36%         3
 Cause Fear               Hex            4%         N/A       56%         4

Inventory:

Hand Weapons
 Y - a +1 sling (weapon)
Armour
 a - the +1 helmet of Claustrophobia (worn) {Int+3 Dex+3}
   (You acquired it on level 1 of the Dungeon)

   Int:       It affects your intelligence (+3).
   Dex:       It affects your dexterity (+3).
 b - a +0 cloak
 c - a +0 robe (worn)
 f - a +0 pair of gloves (worn)
Scrolls
 d - a scroll of fear {unknown}
 g - 3 scrolls of identify
Potions
 e - 2 potions of berserk rage {unknown}
 h - a potion of haste {unknown}
 i - a potion of invisibility {unknown}

Dungeon Overview and Level Annotations

Branches:
Dungeon (2/15)

Altars:


Message History

You shoot a sling bullet.
The sling bullet barely misses the jackal.
The jackal bites you but does no damage. x2
You shoot a sling bullet. The sling bullet misses the jackal.
The sling bullet hits the iguana but does no damage.
The jackal barely misses you. The jackal misses you.
You shoot a sling bullet.
The sling bullet hits the iguana but does no damage.
The jackal misses you. The jackal closely misses you.
The iguana barely misses you.
You shoot a sling bullet.
The sling bullet hits the iguana but does no damage.
The jackal closely misses you.
A jackal comes into view.
The iguana barely misses you.
A jackal comes into view.
The jackal barely misses you.
You shoot a sling bullet.
The sling bullet barely misses the iguana.
The jackal barks!
The jackal bites you but does no damage.
The iguana completely misses you.
You shoot a sling bullet.
The sling bullet barely misses the iguana.
A jackal comes into view.
The jackal bites you but does no damage.
The iguana bites you.
The jackal bites you but does no damage.
The jackal moves out of view.
You shoot a sling bullet.
The sling bullet barely misses the iguana.
The sling bullet hits the jackal but does no damage.
The jackal barely misses you. The iguana bites you!
The jackal closely misses you.
1330 ||| Stepping ~*~*~tactically~*~*~ (outnumbered).
The iguana attacks as you move away! The iguana bites you!
You shoot a sling bullet.
The sling bullet closely misses the iguana.
The iguana bites you!
You die...

##... #.#.##.
#.#..########.#.##.
#......|..##.#.##.
#..##..####.##.#....
## ###.###.##......
#.# ##......#####.
#.## ##.###.#.# ##
#hl###.## #.#.## ##
#.#@#.## #.#..# ##%
.hh##.## #.#..###).
..h## ### #.....#..)
##!# ###.#...#. #h
#.##..## . #.###..#
. #.# ##.. #.# ##.
#.# ##


You could see an iguana and a jackal.

Vanquished Creatures
  A gnoll (D:2)
  2 adders (D:2)
  2 worms (D:2)
  3 dart slugs
  2 ball pythons (D:1)
  6 bats
  2 endoplasms (D:2)
  3 giant cockroaches
  2 goblins
  3 hobgoblins (D:1)
  2 jackals (D:2)
  6 kobolds
  3 frilled lizards
  3 rats (D:1)
40 creatures vanquished.

Notes
Turn   | Place    | Note
-------+----------+-------------------------------------------
     0 | D:1      | qw the Gargoyle Hexslinger began the quest for the Orb.
     0 | D:1      | Reached XP level 1. HP: 12/12 MP: 2/2
     0 | D:1      | 0 ||| qw: Version: 0.3-a-52-g30416fa
     0 | D:1      | 0 ||| qw: Game counter: 7472
     0 | D:1      | 0 ||| qw: Melee chars always use a shield: true
     0 | D:1      | 0 ||| qw: God list: Okawaru
     0 | D:1      | 0 ||| qw: Allow faded altars: false
     0 | D:1      | 0 ||| qw: Do Orc after clearing Dungeon:15 true
     0 | D:1      | 0 ||| qw: Do second Lair branch before Depths: true
     0 | D:1      | 0 ||| qw: Lair rune preference: random
     0 | D:1      | 0 ||| qw: Goals: Normal
     0 | D:1      | 0 ||| PLANNING D:1-11
    48 | D:1      | Reached XP level 2. HP: 16/16 MP: 3/3
    76 | D:1      | Found a faded altar of an unknown god.
   376 | D:1      | Reached skill level 3 in Ranged Weapons
   625 | D:1      | Reached XP level 3. HP: 21/21 MP: 4/4
   834 | D:1      | 834 ||| UPGRADING to +0 pair of gloves.
   839 | D:1      | 839 ||| READING scroll labelled NIONYI GOUT.
   840 | D:1      | 840 ||| READING scroll labelled DADOTULLEGAE.
   840 | D:1      | Identified a scroll of acquirement
   840 | D:1      | 840 ||| ACQUIRING +1 helmet of Claustrophobia {Int+3 Dex+3}
   840 | D:1      | Acquired the +1 helmet of Claustrophobia {Int+3 Dex+3}
   842 | D:1      | 842 ||| UPGRADING to +1 helmet of Claustrophobia {Int+3
                  | Dex+3}.
   847 | D:1      | 847 ||| DRINKING 2 pink potions.
   848 | D:1      | 848 ||| DROPPING scroll of poison.
   849 | D:1      | 849 ||| DROPPING potion of brilliance.
  1031 | D:2      | Reached XP level 4. HP: 15/26 MP: 5/5
  1100 | D:2      | Reached skill level 4 in Ranged Weapons
  1330 | D:2      | 1330 ||| Stepping ~*~*~tactically~*~*~ (outnumbered).
  1330 | D:2      | HP: 1/26 [iguana (12)]
  1331 | D:2      | Mangled by an iguana

Levels and vault maps discovered:
D:1:      dpeg_arrival_fog, layout_basic, shapermc_ecumenical_altar_pompeii
D:2:      minmay_alternating_diamond, layout_loops_ring,
          chequers_serial_rivers_large_a, moated_statue, corner_web_ring

Skill      XL: |  1  2  3  4 |
---------------+-------------+-----
Ranged Weapons | 3 4 |  4.1
Fighting       | 2 |  2.0
Dodging        | |  1.5
Spellcasting   | |  1.0
Hexes          | |  2.6

Action                     |  1- 3 |  4- 6 || total
---------------------------+-------+-------++-------
   Fire: Sling             |   110 |    35 ||   145
    Use: Scroll            |     2 |       ||     2
         Potion            |     1 |       ||     1
 Armour: Robe              |    17 |    11 ||    28
  Dodge: Dodged            |    36 |    17 ||    53

Table legend:
 A = Non-vault XP
 B = Vault XP
 C = Vault XP percentage of total XP
 D = Non-vault monster count
 E = Vault monster count
 F = Vault count percentage of total count
                 A         B        C        D         E       F
            +---------+---------+-------+---------+---------+-------
      Total |      96 |      17 |  15.0 |      37 |       3 |   7.5
            +---------+---------+-------+---------+---------+-------
        D:1 |      37 |       0 |   0.0 |      20 |       0 |   0.0
        D:2 |      59 |      17 |  22.4 |      17 |       3 |  15.0
            +---------+---------+-------+---------+---------+-------
